 Dungeon Crawl Stone Soup version 0.31-a0-963-ga325b2283a (webtiles) character file.

Game seed: 457293091566275581

322 GabrielManson the Insei (level 6, -1/38 HPs)
             Began as an Octopode Shapeshifter on Oct 25, 2023.
             Slain by a black bear (2 damage)
             ... on level 5 of the Dungeon.
             The game lasted 00:08:11 (2699 turns).

GabrielManson the Insei (Octopode Shapeshifter)     Turns: 2699, Time: 00:08:12

Health: -1/38      AC:  1    Str: 13    XL:     6   Next: 47%
Magic:  15/15      EV: 19    Int: 13    God:
Gold:   223        SH:  0    Dex: 13    Spells: 5/5 levels left

rFire   . .          .
                       - Unarmed
rCold   . . .        (no shield)
rNeg    . . .        (helmet currently unavailable)
rPois   .            (no amulet)
rElec   .            d - +5 ring of evasion
rCorr   .            m - ring of magical power
SInv    .            (no ring)
Will    .....        (no ring)
Stlth   +++          (no ring)
HPRegen 0.26/turn    (no ring)
MPRegen 0.14/turn    (no ring)
                     (no ring)

%: no passive effects
@: beast-form
A: beast (slay +2), almost no armour, amphibious, 8 rings, camouflage 1,
gelatinous body 1, (nimble swimmer 1), tentacles
a: Begin Untransformation


You were on level 5 of the Dungeon.
You were a hulking beast.
You visited 1 branch of the dungeon, and saw 5 of its levels.

You collected 223 gold pieces.

Inventory:

Jewellery
 d - a +5 ring of evasion (left tentacle)
 m - a ring of magical power (right tentacle)
Talismans
 b - a beast talisman (active)
 c - a flux talisman
Wands
 q - a wand of acid (7)
Scrolls
 e - 7 scrolls of identify {unknown}
 i - a scroll of enchant armour {unknown}
 j - 3 scrolls of teleportation {unknown}
 o - a scroll of fear {unknown}
 r - a scroll of enchant weapon {unknown}
 s - a scroll of fog {unknown}
 t - a scroll of amnesia {unknown}
 v - a scroll of revelation {unknown}
 w - a scroll of immolation {unknown}
Potions
 a - 2 potions of lignification
 f - 2 potions of enlightenment
 g - 2 potions of haste
 h - 2 potions of curing {unknown}
 k - a potion of cancellation {unknown}
 l - a potion of attraction {unknown}
 n - a potion of brilliance {unknown}
 p - 2 potions of heal wounds
 u - a potion of might {unknown}


   Skills:
 + Level 1.3 Fighting
 + Level 3.1 Dodging
 + Level 3.5 Stealth
 + Level 5.2 Unarmed Combat
 + Level 3.8 Shapeshifting


You had 5 spell levels left.
You didn't know any spells.
Your spell library contained the following spells:

 Spells                   Type           Power      Damage    Failure   Level
 Necrotise                Necr           0%         1d4       30%         1
 Ensorcelled Hibernation  Hex/Ice        0%         N/A       43%         2
 Jinxbite                 Hex            0%         N/A       43%         2
 Vampiric Draining        Necr           0%         2d6       67%         3
 Anguish                  Hex/Necr       0%         N/A       97%         4
 Agony                    Necr           0%         N/A       100%        5


Dungeon Overview and Level Annotations

Branches:
Dungeon (5/15)
 Temple: D:4-7

Altars:
Okawaru

Shops:
D:1 !   D:4 *


Innate Abilities, Weirdness & Mutations

You are a hulking beast.
Your limbs bulge with bestial killing power. (Slay +2)
You cannot wear most types of armour.
You are amphibious.
You can wear up to eight rings at the same time.
Your skin changes colour to match your surroundings (Stealth+).
Your rubbery body absorbs attacks. (AC +1, EV +1)
((You are camouflaged when in or above water. (Stealth+)))
You have tentacles for arms and can constrict up to eight enemies at once.


Message History

There is a stone staircase leading up here.
There is a stone staircase leading down here.
You climb downwards.
There is a stone staircase leading up here.
A quokka comes into view.
There is a fountain of blood here.
You can't go down here!
A quokka is nearby!
You closely miss the quokka. You grab the quokka. You squeeze the quokka.
You kill the quokka!
No target in view!
An orc priest comes into view. It is wielding a +0 trident.
You see here 12 gold pieces.
An orc priest is nearby!
A black bear comes into view.
The black bear growls angrily.
You hear a shout! x2
An orc wizard comes into view. It is wielding a +0 dagger.
An orc comes into view. It is wielding a +0 dagger.
The orc wizard moves out of view.
An orc comes into view. It is wielding a +0 club.
An orc priest comes into view. It is wielding a +0 whip.
A yak comes into view.
The black bear bites you! The black bear claws you. x2
The orc shouts!
The orc wizard shouts!
You tentacle-slap the black bear. You grab the black bear.
The black bear is lightly wounded.
You constrict the black bear, but do no damage.
The orc wizard casts a spell at you. The puff of flame hits you!
The black bear bites you!
* * * LOW HITPOINT WARNING * * *
The black bear misses you. The black bear claws you.
* * * LOW HITPOINT WARNING * * *
The orc throws a boomerang.
The boomerang closely misses you.
A yak comes into view.
You release your grip on the black bear.
The black bear attacks as it pursues you!
The black bear bites you.
* * * LOW HITPOINT WARNING * * *
The black bear claws you.
You die...

# ##.
#.............. #.
#....##...###.
............## ..
...##...#...####....
.. ###.###........⌠
.. ####...##.....
..## #......$# ..⌠
.....#.......# .
Y.#....hh..#.......
...Y......##.#.....
.#......#....#.....
##..o...#.#.......
#......##.#..♣♣.♣♣
#.....o# .....♣.♣
...oo...# ...♣...
..o.....# ...♣ .
........# ##..


You could see a yak, a black bear, 2 orc priests, an orc wizard and 2 orcs.

Vanquished Creatures
  A phantom (D:4)
  A howler monkey (D:4)
  A jelly (D:4)
  An orc priest (D:4)
  An orc wizard (D:3)
  3 adders
  A worm (D:2)
  4 dart slugs
  10 orcs
  6 endoplasms
  2 giant cockroaches
  6 goblins
  8 hobgoblins
  7 kobolds
  2 quokkas
  8 ball pythons
  11 bats
  6 frilled lizards
  5 rats
84 creatures vanquished.

Notes
Turn   | Place    | Note
-------+----------+-------------------------------------------
     0 | D:1      | GabrielManson the Octopode Shapeshifter began the quest for
                  | the Orb.
     0 | D:1      | Reached XP level 1. HP: 13/13 MP: 1/1
   107 | D:1      | Reached XP level 2. HP: 18/18 MP: 2/2
   522 | D:1      | Reached skill level 1 in Stealth
   546 | D:1      | Reached XP level 3. HP: 22/23 MP: 3/3
   560 | D:1      | Found Taufe's Distillery.
   899 | D:2      | Reached XP level 4. HP: 18/28 MP: 4/4
  1180 | D:2      | Found an iron altar of Okawaru.
  1440 | D:3      | Found a faded altar of an unknown god.
  1504 | D:3      | Reached skill level 4 in Unarmed Combat
  1813 | D:3      | Reached XP level 5. HP: 11/33 MP: 5/5
  1819 | D:3      | HP: 1/21 [orc/+0 hand axe (2)]
  2225 | D:4      | Noticed a phantom
  2239 | D:4      | Killed a phantom
  2240 | D:4      | Reached skill level 5 in Unarmed Combat
  2240 | D:4      | Reached XP level 6. HP: 24/38 MP: 6/6
  2313 | D:4      | Found Othruuru's Elemental Accessories.
  2656 | D:5      | Entered Level 5 of the Dungeon
  2694 | D:5      | Noticed a black bear
  2696 | D:5      | Noticed a yak
  2698 | D:5      | Noticed a yak
  2699 | D:5      | HP: 1/38 [black bear (6)]
  2699 | D:5      | Slain by a black bear

Illustrated notes

Levels and vault maps discovered:
D:1:      scummos_arrival_hexagon, layout_basic, serial_shops, shop
D:2:      layout_basic, basic_altar, minmay_hedge_maze,
          chequers_serial_rivers_micro_c
D:3:      layout_basic, serial_curves, eino_curves_03, eino_curves_01,
          basic_ecumenical_altar, minmay_misc_feat_nine_boxes,
          minmay_misc_feat_rows
D:4:      layout_cave_pools, minmay_misc_feat_hallway,
          minmay_misc_feat_four_crosses, nicolae_elemental_shop
D:5:      layout_cave_pools, mainiacjoe_overflow_small_starburst,
          serial_demonic, serial_demonic_a, serial_demonic_e, serial_demonic_e,
          serial_demonic_b, minivault_24, nicolae_shop_vocational

Skill      XL: |  1  2  3  4  5 |
---------------+----------------+-----
Stealth        | 1 2 3 |  3.5
Unarmed Combat | 4 5 |  5.2
Dodging        | 3 |  3.1
Fighting       | |  1.3
Shapeshifting  | |  3.8

Action                     |  1- 3 |  4- 6 || total
---------------------------+-------+-------++-------
  Melee: Unarmed           |    78 |   102 ||   180
         Constrict         |    19 |    28 ||    47
         Tentacles         |    15 |    26 ||    41
         Punch             |     1 |     3 ||     4
    Use: Potion            |       |     3 ||     3
   Stab: Sleeping          |     8 |     4 ||    12
 Armour: Skin              |    16 |    28 ||    44
  Dodge: Dodged            |    91 |    67 ||   158
   Form: Flux              |       |     1 ||     1
         Beast             |       |     1 ||     1

Table legend: (Time is in decaauts)
 A = Elapsed time spent in this place.
 B = Non-inter-level travel time spent in this place.
 C = Inter-level travel time spent in this place.
 D = Time resting spent in this place.
 E = Time spent auto-exploring this place.
 F = Levels seen in this place.
 G = Mean time per level.
                   A        B        C        D        E       F      G
               +--------+--------+--------+--------+--------+-----+--------+
         Total |   2669 |   2478 |    191 |      0 |   1929 |   5 |  533.8 |
       Dungeon |   2669 |   2478 |    191 |      0 |   1929 |   5 |  533.8 |
               +--------+--------+--------+--------+--------+-----+--------+

Top non-repeatable levels by time:
     D:1: 719 daAuts
     D:3: 662 daAuts
     D:2: 630 daAuts
     D:4: 615 daAuts
     D:5: 42 daAuts
